 Dungeon Crawl Stone Soup version 0.29-a0-477-g62b78b4225 (webtiles) character file.

Game seed: 4790675016203891689

1596 snarfax the Cleaver (level 8, -2/68 HPs)
             Began as a Hill Orc Berserker on May 24, 2022.
             Was a Priest of Trog.
             Slain by a bullfrog (5 damage)
             ... on level 7 of the Dungeon.
             The game lasted 00:10:24 (5738 turns).

snarfax the Cleaver (Hill Orc Berserker)            Turns: 5738, Time: 00:10:25

Health: -2/68      AC: 11    Str: 22    XL:     8   Next: 93%
Magic:  8/8        EV:  8    Int:  7    God:    Trog [***...]
Gold:   183        SH:  0    Dex: 10    Spells: 7/7 levels left

rFire   x . .      SeeInvis .   a - +0 hand axe
rCold   + . .      Faith    .   (no shield)
rNeg    . . .      Spirit   .   i - +0 chain mail
rPois   .          Reflect  .   g - +2 helmet
rElec   .          Harm     .   (no cloak)
rCorr   .          Rampage  .   (no gloves)
Will    .....                   (no boots)
Stlth   ..........              (no amulet)
HPRegen 0.21/turn               b - ring of ice
MPRegen 0.11/turn               (no ring)

@: no status effects
A: no striking features
a: Renounce Religion, Berserk, Trog's Hand


You were on level 7 of the Dungeon.
You worshipped Trog.
Trog was most pleased with you.
You visited 1 branch of the dungeon, and saw 7 of its levels.

You collected 183 gold pieces.

Inventory:

Hand Weapons
 a - a +0 hand axe (weapon)
Armour
 g - a +2 helmet (worn)
 i - a +0 chain mail (worn)
 o - a +0 buckler
Jewellery
 b - a ring of ice (left hand)
 p - a ring of protection from fire
Wands
 h - a wand of paralysis (10)
 j - a wand of digging (5)
 m - a wand of iceblast (8)
Scrolls
 n - a scroll of torment {unknown}
 q - a scroll of identify
Potions
 c - 3 potions of brilliance
 d - 4 potions of curing {unknown}
 e - 4 potions of magic
 f - a potion of degeneration
 k - 2 potions of lignification {unknown}
 l - 2 potions of attraction


   Skills:
 + Level 5.2 Fighting
 - Level 14.0 Axes
 - Level 2.1 Armour
 - Level 1.5 Dodging


You had 7 spell levels left.
You didn't know any spells.
Your spell library was empty.

Dungeon Overview and Level Annotations

Branches:
Dungeon (7/15)             Temple (0/1) D:4

Altars:
Dithmenos
Hepliaklqana
Kikubaaqudgha
Nemelex Xobeh
Okawaru
Trog
Yredelemnul

Shops:
D:2 =   D:6 (


Message History

Prince Ribbit hits you but does no damage.
You slash Prince Ribbit!
Prince Ribbit is severely wounded.
Prince Ribbit completely misses you.
You slash Prince Ribbit!
Prince Ribbit is almost dead.
Prince Ribbit hits you but does no damage.
A water moccasin comes into view.
You hit Prince Ribbit.
You kill Prince Ribbit!
Trog accepts your kill.
Training target 14.0 for Axes reached!
Your Axes skill increases to level 14!
You need to enable at least one skill for training.
Your Fighting skill increases to level 4!
You hit the ogre.
The ogre is moderately wounded.
You hit the ogre.
The ogre is moderately wounded.
The ogre barely misses you.
You slash the ogre!
The ogre is severely wounded.
You hit the ogre but do no damage.
The ogre is severely wounded.
The ogre hits you with a +0 giant spiked club!!
You hit the ogre. You punch the ogre.
The ogre is almost dead.
You closely miss the ogre.
The ogre is almost dead.
You hit the ogre but do no damage.
The ogre is almost dead.
The ogre hits you with a +0 giant spiked club!!
* * * LOW HITPOINT WARNING * * *
You slash the ogre!
You kill the ogre!
Trog accepts your kill.
Your Fighting skill increases to level 5!
Unknown command.
The bullfrog hits you.
You die...

#.#
#####
#.# #.#
#.# #.#
#.#####
#...<.#
#####.#
#.# #@#
#F# #S#
...
.#.#.
.......
.# #.#
#. ..
... /.
.# #.#
#.


You could see a water moccasin and a bullfrog.

Vanquished Creatures
  Prince Ribbit (D:7)
  Sigmund (D:2)
  A shadow (D:6)
  A water moccasin (D:6)
  2 sky beasts (D:6)
  2 ogres
  A centaur (D:4)
  A bullfrog (D:7)
  3 orc priests
  A gnoll shaman (D:6)
  3 iguanas
  2 orc wizards (D:3)
  13 gnolls
  2 adders
  3 worms
  5 dart slugs
  14 orcs
  7 ball pythons
  11 endoplasms
  2 giant cockroaches
  5 goblins
  4 hobgoblins
  6 jackals
  7 kobolds
  3 quokkas
  4 bats
  3 frilled lizards
  2 rats (D:1)
110 creatures vanquished.

Notes
Turn   | Place    | Note
-------+----------+-------------------------------------------
     0 | D:1      | snarfax the Hill Orc Berserker began the quest for the Orb.
     0 | D:1      | Reached XP level 1. HP: 19/19 MP: 1/1
    91 | D:1      | Found a faded altar of an unknown god.
   373 | D:1      | Reached XP level 2. HP: 15/26 MP: 2/2
   394 | D:1      | Reached skill level 5 in Axes
   621 | D:1      | Reached XP level 3. HP: 16/31 MP: 3/3
  1052 | D:1      | Reached skill level 6 in Axes
  1245 | D:2      | Reached ** piety under Trog
  1452 | D:2      | Found Byibrouw's Jewellery Shoppe.
  1492 | D:2      | Found a sparkling altar of Nemelex Xobeh.
  1500 | D:2      | Noticed Sigmund
  1536 | D:2      | Killed Sigmund
  1537 | D:2      | Reached skill level 8 in Axes
  1537 | D:2      | Reached XP level 4. HP: 23/39 MP: 4/4
  1537 | D:2      | Reached XP level 5. HP: 27/45 MP: 5/5
  1677 | D:2      | Reached XP level 6. HP: 28/51 MP: 6/6
  2839 | D:3      | Reached skill level 9 in Axes
  3306 | D:3      | Found a bloodstained altar of Trog.
  3363 | D:3      | Reached *** piety under Trog
  3711 | D:4      | Reached skill level 10 in Axes
  3745 | D:4      | Found a staircase to the Ecumenical Temple.
  3757 | D:4      | Reached XP level 7. HP: 57/57 MP: 7/7
  4314 | D:4      | You fall into a shaft and drop 1 floor!
  4314 | D:5      | Entered Level 5 of the Dungeon
  4377 | D:5      | Noticed a wraith
  4378 | D:5      | Noticed a two-headed ogre
  4390 | D:6      | Noticed a shadow
  4398 | D:6      | Killed a shadow
  4399 | D:6      | Reached skill level 11 in Axes
  4567 | D:6      | Found Pitewuucs's Weapon Shoppe.
  4650 | D:6      | Reached skill level 12 in Axes
  4650 | D:6      | Reached XP level 8. HP: 64/64 MP: 8/8
  5158 | D:6      | Reached skill level 13 in Axes
  5302 | D:6      | Found an iron altar of Okawaru.
  5303 | D:6      | Found a hazy altar of Hepliaklqana.
  5303 | D:6      | Found a shadowy altar of Dithmenos.
  5306 | D:6      | Found an ancient bone altar of Kikubaaqudgha.
  5307 | D:6      | Found a basalt altar of Yredelemnul.
  5723 | D:7      | Noticed Prince Ribbit
  5729 | D:7      | Killed Prince Ribbit
  5730 | D:7      | Reached skill level 14 in Axes
  5736 | D:7      | HP: 3/67 [ogre/+0 giant spiked club (33)]
  5738 | D:7      | Reached skill level 5 in Fighting
  5738 | D:7      | Slain by a bullfrog

Illustrated notes

Levels and vault maps discovered:
D:1:      matt_arrival_spirals, layout_loops_ring, ebering_ecumenical_altar_box,
          nicolae_concentric_dashed_squares_mild
D:2:      layout_basic, serial_shops, nicolae_shop_waterfront, basic_altar,
          uniq_sigmund
D:3:      cheibrodos_helix_gallery, layout_basic, lemuel_crystal_altar,
          st_stairs_2
D:4:      layout_basic, temple_green
D:5:      layout_cave_pods, minmay_manual_moon, uniq_duvessa
D:6:      layout_loops_ring, minitemple, serial_shops, shop
D:7:      layout_loops_ring, minmay_misc_feat_more_columns, st_stairs_11,
          uniq_prince_ribbit1

Skill      XL: |  1  2  3  4  5  6  7  8 |
---------------+-------------------------+-----
Axes           | 5 8 10 12 14 | 14.0
Fighting       | 5 |  5.2
Armour         | |  2.1
Dodging        | |  1.5

Action                   |  1- 3 |  4- 6 |  7- 9 || total
-------------------------+-------+-------+-------++-------
Melee: Hand axe          |    92 |   150 |   174 ||   416
       Punch             |     2 |     3 |     2 ||     7
Throw: Throwing net      |       |     1 |       ||     1
  Use: Scroll            |     4 |     4 |     1 ||     9
Armor: Ring mail         |    17 |       |       ||    17
       Chain mail        |    12 |    51 |    46 ||   109
Dodge: Dodged            |    47 |    40 |    46 ||   133

Table legend: (Time is in decaauts)
 A = Elapsed time spent in this place.
 B = Non-inter-level travel time spent in this place.
 C = Inter-level travel time spent in this place.
 D = Time resting spent in this place.
 E = Time spent auto-exploring this place.
 F = Levels seen in this place.
 G = Mean time per level.
                   A        B        C        D        E       F      G
               +--------+--------+--------+--------+--------+-----+--------+
         Total |   5665 |   5589 |     76 |    377 |   4362 |   7 |  809.3 |
       Dungeon |   5665 |   5589 |     76 |    377 |   4362 |   7 |  809.3 |
               +--------+--------+--------+--------+--------+-----+--------+

Top non-repeatable levels by time:
     D:3: 1293 daAuts
     D:6: 1199 daAuts
     D:1: 1198 daAuts
     D:2: 1097 daAuts
     D:4: 691 daAuts
     D:7: 100 daAuts
     D:5: 84 daAuts
